 Dungeon Crawl Stone Soup version 0.15-a0-1253-g15b4f57 (webtiles) character file.

245 Quh the Charmwright (level 5, -1/37 HPs)
             Began as a High Elf Skald on June 4, 2014.
             Slain by a goblin (3 damage)
             ... on Level 3 of the Dungeon.
             The game lasted 00:20:59 (4951 turns).

Quh the Charmwright (High Elf Skald)                Turns: 4951, Time: 00:21:00

HP  -1/37        AC  3     Str 11      XL: 5   Next: 83%
MP   8/12        EV 10     Int 17      God:
Gold 191         SH  0     Dex 14      Spells:  3 memorised,  2 levels left

rFire  . . .     SeeInvis .     v - +0 cutlass
rCold  . . .     Clarity  .     b - +0 leather armour
rNeg   . . .     rCorr    .     (no shield)
rPois  .         rRot     .     (no helmet)
rElec  .         Spirit   .     (no cloak)
SustAb .         Warding  .     (no gloves)
rMut   .         Stasis   .     (no boots)
Gourm  .                        (no amulet)
MR     .....                    (no ring)
                                (no ring)

@: regenerating, not resistant to hostile enchantments, very unstealthy
A: no striking features
a: no special abilities


You were on level 3 of the Dungeon.
You were very hungry.

You visited 1 branch of the dungeon, and saw 4 of its levels.

You collected 191 gold pieces.

Inventory:

Hand weapons
 a - a +0,+0 short sword
 v - a +0,+0 cutlass (weapon)
 y - a +0,+0 short sword
Missiles
 e - 25 stones (quivered)
Armour
 b - a +0 leather armour (worn)
 j - a +0 robe
Comestibles
 d - 3 bread rations
 r - a beef jerky
Scrolls
 l - 2 scrolls of recharging {unknown}
 p - 2 scrolls of teleportation
 q - 2 scrolls of identify
 s - a scroll of enchant weapon II {unknown}
 u - a scroll of random uselessness {unknown}
Potions
 f - a potion of restore abilities {unknown}
 h - 2 potions of heal wounds
 k - a potion of curing {unknown}
 m - 2 potions of haste {unknown}
 n - a potion of porridge
 w - a potion of mutation {unknown}
 x - a potion of degeneration {unknown}
Books
 c - a book of Battle

   Spells                             Type                      Level
   *Infusion                          Charms                       1
   *Shroud of Golubria                Charms/Translocation         2
   Song of Slaying                    Charms                       2
   Spectral Weapon                    Hexes/Charms                 3
   *Regeneration                      Charms/Necromancy            3
 t - a book of the Earth

   Spells                             Type                      Level
   Leda's Liquefaction                Hexes/Earth                  4
   Bolt of Magma                      Conjuration/Fire/Earth       5
   Statue Form                        Transmutation/Earth          6
   Iron Shot                          Conjuration/Earth            6
   Shatter                            Earth                        9


   Skills:
 * Level 4.0 Fighting
 * Level 4.5 Short Blades
 - Level 0.8 Armour
 - Level 1.1 Dodging
 - Level 2.4 Spellcasting
 * Level 5.4 Charms


You had 2 spell levels left.
You knew the following spells:

 Your Spells              Type           Power        Failure   Level  Hunger
a - Infusion              Chrm           ###...       1%          1    #......
b - Shroud of Golubria    Chrm/Tloc      ##........   12%         2    ##.....
c - Regeneration          Chrm/Necr      ##........   21%         3    ###....


Dungeon Overview and Level Annotations

Branches:
Dungeon (4/15)
 Temple: D:4-7

Altars:
Ashenzari
The Shining One


Message History

There is a stone staircase leading up here.
The orc priest mumbles some strange prayers to Beogh against you.
Something smites you!
* * * LOW HITPOINT WARNING * * *
You can't go down here!
The orc priest mumbles some strange prayers to Beogh.
You feel a wave of unholy energy pass over you.
The goblin hits you but does no damage.
You climb upwards.
The kobold shouts!
There is a stone staircase leading down here.
The goblin hits you.
* * * LOW HITPOINT WARNING * * *
Casting: Regeneration
Confirm with . or Enter, or press ? or * to list all spells.
Okay, then.
Casting: Regeneration
Confirm with . or Enter, or press ? or * to list all spells.
Your skin crawls.
The goblin hits you.
You die...

##....################
#..........#
####....#####.#
#....##.# #.#
#.##.##.# #.#########
#.#####.# #.........#
#.......# #.#######.#
#######.# ### #.# #@#
#.## #g# #... #.# ####
#.###############
#>K...K.........##
###############..#
##.# #.. ##.


You could see a goblin and a kobold.

Vanquished Creatures
  A hound (D:4)
  2 worker ants
  4 adders
  3 giant mites
  2 worms
  3 giant geckos
  2 oozes (D:2)
  3 orcs
  4 giant cockroaches
  12 goblins
  12 hobgoblins
  5 jackals
  9 kobolds
  5 ball pythons
  10 bats
  4 giant newts
  A quokka (D:2)
  15 rats
97 creatures vanquished.

Notes
Turn   | Place    | Note
--------------------------------------------------------------
     0 | D:1      | Quh, the High Elf Skald, began the quest for the Orb.
     0 | D:1      | Reached XP level 1. HP: 14/14 MP: 4/4
    82 | D:1      | Reached skill level 4 in Charms
    82 | D:1      | Reached XP level 2. HP: 4/19 MP: 0/6
   867 | D:1      | Reached XP level 3. HP: 25/25 MP: 4/8
   871 | D:1      | Learned a level 2 spell: Shroud of Golubria
   875 | D:1      | Learned a level 3 spell: Regeneration
  2004 | D:2      | Reached XP level 4. HP: 18/30 MP: 9/11
  2105 | D:2      | Found a glowing golden altar of the Shining One.
  2172 | D:2      | Found a shattered altar of Ashenzari.
  2850 | D:3      | Reached skill level 5 in Charms
  3243 | D:3      | Reached XP level 5. HP: 23/36 MP: 9/12
  3547 | D:4      | Noticed a phantom
  4217 | D:4      | Noticed a phantom
  4307 | D:4      | HP: 1/37 [phantom (4)]
  4944 | D:4      | HP: 1/37 [orc priest/divine providence (16)]
  4951 | D:3      | Slain by a goblin

Action                   |  1- 3 |  4- 6 || total
-------------------------+-------+-------++-------
Melee: Short sword       |   194 |    39 ||   233
       Cutlass           |       |   224 ||   224
Throw: Stone             |    10 |    33 ||    43
 Cast: Infusion          |    12 |     7 ||    19
       Shroud of Golubri |    10 |    16 ||    26
       Regeneration      |     2 |    33 ||    35
  Use: Scroll            |       |     3 ||     3
